 Dungeon Crawl Stone Soup version 0.16.1-4-g8e1b745 (console) character file.

39 gw the Charlatan (level 3, -1/20 HPs)
             Began as a Deep Elf Artificer on Mar 28, 2015.
             Slain by Sigmund
             ... wielding a +2 scythe of protection
              (15 damage)
             ... on level 2 of the Dungeon.
             The game lasted 00:00:47 (944 turns).

gw the Charlatan (Deep Elf Artificer)                Turns: 944, Time: 00:00:47

Health: -1/20      AC:  3    Str:  8    XL:     3   Next: 26%
Magic:  7/7        EV: 13    Int: 16    God:
Gold:   41         SH:  0    Dex: 16    Spells: 0 memorised, 2 levels left

rFire  . . .     SeeInvis .     a - +0 short sword
rCold  . . .     Clarity  .     e - +0 leather armour
rNeg   . . .     SustAb   .     (no shield)
rPois  .         Gourm    .     (no helmet)
rElec  .         Spirit   .     (no cloak)
rCorr  .         Warding  .     (no gloves)
rMut   .         Stasis   .     (no boots)
MR     .....                    (no amulet)
Stlth  ++........               (no ring)
                                (no ring)

@: not resistant to hostile enchantments, unstealthy
A: no striking features
a: no special abilities


You were on level 2 of the Dungeon.
You were not hungry.

You visited 1 branch of the dungeon, and saw 2 of its levels.

You collected 41 gold pieces.

Inventory:

Hand weapons
 a - a +0 short sword (weapon)
Missiles
 g - 26 arrows
Armour
 e - a +0 leather armour (worn)
Magical devices
 b - a wand of flame (10)
 c - a wand of enslavement (15)
 d - a wand of random effects (15)
Scrolls
 h - a scroll of recharging {unknown}
Comestibles
 f - 2 bread rations
 i - a royal jelly


   Skills:
 + Level 1.3 Fighting
 * Level 2.2 Short Blades
 + Level 3.2 Dodging
 - Level 1.2 Stealth
 - Level 3.2 Evocations


You had 2 spell levels left.
You didn't know any spells.

Dungeon Overview and Level Annotations

Branches:
Dungeon (2/15)

Altars:

Annotations:
D:2 Sigmund


Message History

The jackal bites you but does no damage.
Unknown command.
Unknown command.
Unknown command.
Unknown command.
ATTACK MOVE TO (1,0)
You hit the jackal.
You kill the jackal!
Sigmund closely misses you.
Unknown command.
Unknown command.
Unknown command.
Unknown command.
ATTACK MOVE TO (1,0)
You hit the jackal.
The jackal is almost dead.
The jackal bites you but does no damage.
Sigmund hits you from afar with a scythe of protection!
Ouch! That really hurt!
You die...

...#.# r #...#.###.
........ .. .
.....<##.## ..
......... . +##.
#......... .....
#..#..#.###
......@####..#........
........ehg...........
.......####..#........
..... #..#.#...## ....
#..#.# ..# ... #..#.#
... . #..#.# # #..#.#
#.##.# . ####'##+##..#


You could see Sigmund, a jackal and a goblin.

Table legend:
 A = Turns spent in this place as a percentage of turns spent in the entire game.
 B = Non-inter-level travel turns spent in this place as a percentage of non-inter-level travel turns spent in the entire game.
 C = Inter-level travel turns spent in this place as a percentage of turns spent in this place.
 D = Turns resting spent in this place as a percentage of non-inter-level travel turns spent in this place.
 E = Turns spent auto-exploring this place as a percentage of non-inter-level travel turns spent in this place.
 F = Non-inter-level travel turns spent in this place divided by the number of levels of this place that you've seen.
                   A       B       C       D       E      F
               +-------+-------+-------+-------+-------+----------------------
         Total | 100.0 | 100.0 |   1.4 |   2.4 |   1.3 | 533.5
       Dungeon | 100.0 | 100.0 |   1.4 |   2.4 |   1.3 | 533.5
               +-------+-------+-------+-------+-------+----------------------

Table legend:
 A = Kills in this place as a percentage of kills in entire the game.
 B = Kills by you in this place as a percentage of kills by you in the entire game.
 C = Kills by friends in this place as a percentage of kills by friends in the entire game.
 D = Other kills in this place as a percentage of other kills in the entire game.
 E = Experience gained in this place as a percentage of experience gained in the entire game.
 F = Experience gained in this place divided by the number of levels of this place that you have seen.
                   A       B       C       D       E      F
               +-------+-------+-------+-------+-------+----------------------
         Total | 100.0 | 100.0 |  -nan |  -nan | 100.0 |  28.0
       Dungeon | 100.0 | 100.0 |  -nan |  -nan | 100.0 |  28.0
               +-------+-------+-------+-------+-------+----------------------

Vanquished Creatures
  2 adders (D:2)
  3 goblins
  10 jackals (D:2)
  A giant newt (D:1)
  A kobold (D:1)
  A quokka (D:2)
  2 rats (D:2)
20 creatures vanquished.

Notes
Turn   | Place    | Note
--------------------------------------------------------------
     0 | D:1      | gw, the Deep Elf Artificer, began the quest for the Orb.
     0 | D:1      | Reached XP level 1. HP: 11/11 MP: 2/2
   173 | D:1      | Reached skill level 1 in Fighting
   519 | D:2      | Reached XP level 2. HP: 8/16 MP: 5/5
   832 | D:2      | Reached XP level 3. HP: 17/20 MP: 7/7
   939 | D:2      | Noticed Sigmund
   944 | D:2      | Slain by Sigmund

Action                   || total
-------------------------++-------
Melee: Short sword       ||    71
Evoke: Wand              ||     5

Vault maps used:
D:1:      erik_arrival_orb_chamber, serial_curves, eino_curves_02,
          eino_curves_04
D:2:      lemuel_blue_sif_altar, nicolae_qazlal_general_emergency, uniq_iyjb,
          uniq_sigmund
